 Dungeon Crawl Stone Soup version 0.27.0-1-g7a089689b8 (webtiles) character file.

Game seed: 12506196026468416898

336 nicksoapdish the Conjurer (level 6, -6/36 HPs)
             Began as an Octopode Conjurer on Aug 11, 2021.
             Was a Believer of Nemelex Xobeh.
             Shot with an arrow by a centaur (15 damage)
             ... on level 4 of the Dungeon.
             The game lasted 00:11:05 (3039 turns).

nicksoapdish the Conjurer (Octopode Conjurer)       Turns: 3039, Time: 00:11:07

Health: -6/36      AC:  1    Str:  6    XL:     6   Next: 54%
Magic:  7/10       EV: 13    Int: 23    God:    Nemelex Xobeh [**....]
Gold:   142        SH:  0    Dex: 10    Spells: 5/11 levels left

rFire    . . .     SeeInvis .   (no weapon)
rCold    . . .     Faith    .   (no shield)
rNeg     . . .     Spirit   .   (helmet restricted)
rPois    .         Reflect  .   (no amulet)
rElec    .         Harm     .   (no ring)
rCorr    .         Rampage  .   (no ring)
Will     .....                  (no ring)
Stlth    +++.......             (no ring)
HPRegen  0.12/turn              (no ring)
MPRegen  0.12/turn              (no ring)
                                (no ring)
                                (no ring)

@: no status effects
A: almost no armour, amphibious, 8 rings, camouflage 1, gelatinous body 1,
(nimble swimmer 1), tentacles
a: Renounce Religion, Draw Escape, Draw Destruction, Draw Summoning


You were on level 4 of the Dungeon.
You worshipped Nemelex Xobeh.
Nemelex Xobeh was pleased with you.
You visited 1 branch of the dungeon, and saw 4 of its levels.

You collected 142 gold pieces.

Inventory:

Missiles
 a - 23 poisoned darts
Wands
 e - a wand of polymorph (1)
Scrolls
 c - a scroll of fog {unknown}
 f - a scroll of acquirement {unknown}
 i - a scroll of magic mapping {unknown}
 j - a scroll of fear {unknown}
 k - 3 scrolls of amnesia
Potions
 g - a potion of curing
 h - a potion of magic {unknown}


   Skills:
 + Level 2.4 Dodging
 + Level 3.6 Stealth
 + Level 0.9 Unarmed Combat
 * Level 3.2 Spellcasting
 + Level 5.8 Conjurations
 * Level 1.5 Hexes
 * Level 1.9 Invocations


You had 5 spell levels left.
You knew the following spells:

 Your Spells              Type           Power      Damage    Failure   Level
a - Magic Dart            Conj           100%       1d8       1%          1
b - Searing Ray           Conj           60%        3d5       1%          2
c - Dazzling Flash        Conj/Hex       40%        N/A       8%          3

Your spell library contained the following spells:

 Spells                   Type           Power      Damage    Failure   Level
 Fulminant Prism          Conj/Hex       10%        3d9       24%         4
 Gell's Gravitas          Tloc           1%         N/A       34%         3
 Lesser Beckoning         Tloc           1%         N/A       34%         3
 Teleport Other           Tloc           3%         N/A       34%         3
 Iskenderun's Mystic Bla  Conj/Tloc      17%        2d5       34%         4


Dungeon Overview and Level Annotations

Branches:
Dungeon (4/15)
 Temple: D:4-7

Altars:
Cheibriados
Fedhas
Hepliaklqana
Nemelex Xobeh
Zin

Shops:
D:4 =((


Innate Abilities, Weirdness & Mutations

You cannot wear most types of armour.
You are amphibious.
You can wear up to eight rings at the same time.
Your skin changes colour to match your surroundings (Stealth+).
Your rubbery body absorbs attacks. (AC +1, EV +1)
((You are camouflaged near water. (Stealth+)))
You have tentacles for arms and can constrict up to eight enemies at once.


Message History

Casting: Magic Dart (safe; 1% risk of failure)
Confirm with . or Enter, or press ? or * to list all spells.
Aiming: Magic Dart (safe; 1% risk of failure)
Press: ? - help, Shift-Dir - straight line, f/p - endoplasm
Aim: an endoplasm (heavily wounded, 100% to hit)
The magic dart hits the endoplasm!
You kill the endoplasm!
Found a robe.
Found 20 stones and 3 scrolls labelled OBRIPT BAONLU.
Found Vioma's Weapon Boutique.
k - 3 scrolls labelled OBRIPT BAONLU
There is an entrance to Vioma's Weapon Boutique here.
As you read the scroll labelled REPHIH XINWIU, it crumbles to dust.
It is a scroll of identify.
d - a potion of attraction
As you read the scroll of identify, it crumbles to dust.
g - a potion of curing
As you read the scroll of identify, it crumbles to dust.
k - 3 scrolls of amnesia Drop what? 10/52 slots (_ for help) (? for menu, Esc to quit)
You drop a potion of attraction.
Found a stone staircase leading down.
A centaur comes into view.
Casting: Magic Dart (safe; 1% risk of failure)
Confirm with . or Enter, or press ? or * to list all spells.
Aiming: Searing Ray (safe; 1% risk of failure)
Press: ? - help, Shift-Dir - straight line, f - centaur
Aim: a centaur, quivering arrows (asleep, 100% to hit)
The searing ray hits the centaur.
The centaur is moderately wounded. (Press . to maintain the ray.)
The centaur wields a +0 shortbow.
The centaur shoots an arrow.
The arrow hits you!
The searing ray hits the centaur.
The centaur is heavily wounded.
The centaur shoots an arrow.
The arrow hits you!
* * * LOW HITPOINT WARNING * * *
The centaur shoots an arrow.
The arrow hits you!
You die...
Your body disappears without a glow.

##+## ....# ....#
#......# c...#
#......# ....# #
#......# #####....#
#.#......# #...@....#
#.#......# #.###....#
#.#......# #.# ....#
#......####.###.......
#..............>....##
#......########.#.#.#
# #....### .#.#.# .
#....# .#.# #
###....#######


You could see a centaur.

Vanquished Creatures
  A scorpion (D:4)
  A wyvern skeleton (D:4)
  A howler monkey (D:4)
  An orc priest (D:3)
  Natasha (thrice) (D:2)
  3 adders (D:2)
  An adder skeleton (D:3)
  A dart slug (D:2)
  3 orcs (D:3)
  4 ball pythons
  2 bats
  6 endoplasms
  3 goblins
  6 hobgoblins
  6 jackals
  A quokka (D:4)
  A frilled lizard (D:3)
  4 kobolds
  5 rats
53 creatures vanquished.

Notes
Turn   | Place    | Note
-------+----------+-------------------------------------------
     0 | D:1      | nicksoapdish the Octopode Conjurer began the quest for the
                  | Orb.
     0 | D:1      | Reached XP level 1. HP: 11/11 MP: 3/3
   470 | D:1      | Reached XP level 2. HP: 17/17 MP: 1/5
   473 | D:1      | Learned a level 2 spell: Searing Ray
   723 | D:2      | Found a faded altar of an unknown god.
   732 | D:2      | Became a worshipper of Nemelex Xobeh the Trickster
   732 | D:2      | Reached * piety under Nemelex Xobeh
   732 | D:2      | Received a gift from Nemelex Xobeh
   828 | D:2      | Noticed Natasha
   895 | D:2      | Reached XP level 3. HP: 21/21 MP: 3/6
   922 | D:2      | Killed Natasha
  1009 | D:2      | Reached skill level 5 in Conjurations
  1009 | D:2      | Reached XP level 4. HP: 27/27 MP: 0/7
  1013 | D:2      | Learned a level 3 spell: Dazzling Flash
  1427 | D:2      | Noticed Natasha
  1439 | D:2      | Killed Natasha
  1528 | D:2      | Noticed Natasha
  1531 | D:2      | Killed Natasha
  1532 | D:2      | Reached skill level 1 in Invocations
  1532 | D:2      | Reached XP level 5. HP: 24/31 MP: 3/9
  1787 | D:3      | Reached ** piety under Nemelex Xobeh
  1850 | D:3      | Reached skill level 1 in Hexes
  2366 | D:4      | Found Ajabb's Jewellery Boutique.
  2414 | D:4      | Received a gift from Nemelex Xobeh
  2448 | D:4      | Found Uceuhal's Antique Weapon Boutique.
  2463 | D:4      | Reached XP level 6. HP: 36/36 MP: 8/10
  2729 | D:4      | Found a snail-covered altar of Cheibriados.
  2736 | D:4      | Found a hazy altar of Hepliaklqana.
  2741 | D:4      | Found a blossoming altar of Fedhas.
  2779 | D:4      | Found Uruamm's Jewellery Shoppe.
  2847 | D:4      | Found a glowing silver altar of Zin.
  3003 | D:4      | Found Vioma's Weapon Boutique.
  3039 | D:4      | Shot with an arrow by a centaur

Illustrated notes

Levels and vault maps discovered:
D:1:      kennysheep_arrival_forest, layout_basic
D:2:      layout_basic, shapermc_ecumenical_altar_starsandcircs,
          kennysheep_generic_room_11, uniq_natasha
D:3:      layout_basic, st_stairs_4
D:4:      layout_basic, mainiacjoe_overflow_tiny_flanked, minitemple,
          serial_shops, nicolae_inconvenience_store, nicolae_stop_n_shop_1,
          nicolae_shop_trees, nicolae_shop_behind_doors, shop

Skill      XL: |  1  2  3  4  5  6 |
---------------+-------------------+-----
Stealth        | 3 |  3.6
Conjurations   | 5 |  5.8
Invocations    | 1 |  1.9
Hexes          | 1 |  1.5
Spellcasting   | 3 |  3.2
Dodging        | |  2.4
Unarmed Combat | |  0.9

Action                   |  1- 3 |  4- 6 || total
-------------------------+-------+-------++-------
Melee: Unarmed           |     6 |    11 ||    17
       Constrict         |     2 |     1 ||     3
       Tentacles         |       |     1 ||     1
 Cast: Magic Dart        |    27 |    41 ||    68
       Searing Ray       |     1 |    13 ||    14
Invok: Draw Destruction  |       |     3 ||     3
  Use: Potion            |       |     1 ||     1
       Scroll            |       |     3 ||     3
 Stab: Sleeping          |     1 |       ||     1
Dodge: Dodged            |     6 |    12 ||    18
